 Dungeon Crawl Stone Soup version 0.27.1-1-g398f81649c (webtiles) character file.

Game seed: 16140808788576428313

1923 pokedragonboy the Chopper (level 9, -2/57 HPs)
             Began as a Gargoyle Fighter on Sept 16, 2021.
             Was an Initiate of Gozag.
             Slain by a gnoll (10 damage)
             ... in a bailey.
             The game lasted 00:16:07 (7490 turns).

pokedragonboy the Chopper (Gargoyle Fighter)        Turns: 7490, Time: 00:16:08

Health: -2/57      AC: 19    Str: 19 (22) XL:     9   Next: 17%
Magic:  9/9        EV:  7    Int:  8 (10) God:    Gozag
Gold:   780        SH:  0    Dex: 12 (13) Spells: 8/8 levels left

rFire    . . .     SeeInvis .   a - +2 battleaxe (vorpal)
rCold    + . .     Faith    .   (shield currently unavailable)
rNeg     + + .     Spirit   .   C - +0 chain mail
rPois    ∞         Reflect  .   (no helmet)
rElec    +         Harm     .   (no cloak)
rCorr    +         Rampage  .   (no gloves)
Will     .....                  e - +1 pair of boots
Stlth    ..........             (no amulet)
HPRegen  0.19/turn              B - ring of Accord {rElec rN+ rCorr Dex+4 Stlth-}
MPRegen  0.11/turn              h - ring of protection from cold

@: no status effects
A: sickness immunity, AC +6, negative energy resistance 1, electricity
resistance, torment resistance 1, petrification resistance
a: Renounce Religion, Potion Petition, Call Merchant, Bribe Branch


You were in a bailey.
You worshipped Gozag.
Gozag was pleased with you.
You visited 2 branches of the dungeon, and saw 8 of its levels.
You also visited: Sewer and Bailey.

You collected 811 gold pieces.
You paid 31 gold pieces to Gozag.

Inventory:

Hand Weapons
 a - a +2 vorpal battleaxe (weapon)
 b - a +2 mace of draining
 p - a +2 halberd of electrocution
 G - a +0 war axe of electrocution
Missiles
 m - 58 boomerangs (quivered)
Armour
 c - a +0 kite shield
 e - a +1 pair of boots (worn)
 n - a +0 scale mail
 C - a +0 chain mail (worn)
Jewellery
 h - a ring of protection from cold (right hand)
 B - the ring of Accord (left hand) {rElec rN+ rCorr Dex+4 Stlth-}
   (You found it on level 6 of the Dungeon)

   [ring of resist corrosion]

   Dex:       It affects your dexterity (+4).
   rElec:     It insulates you from electricity.
   rN:        It protects you from negative energy.
   rCorr:     It protects you from acid and corrosion.
   Stlth:     It makes you less stealthy.
Wands
 k - a wand of paralysis (6)
 s - a wand of iceblast (6)
Scrolls
 g - a scroll of fear
 i - 2 scrolls of teleportation
 l - a scroll of vulnerability {unknown}
 r - a scroll of fog {unknown}
 t - 2 scrolls of acquirement
 u - 2 scrolls of brand weapon
 v - a scroll of blinking {unknown}
 w - a scroll of amnesia {unknown}
 y - a scroll of noise {unknown}
 A - 2 scrolls of torment {unknown}
 E - a scroll of enchant armour
 F - a scroll of enchant weapon {unknown}
Potions
 d - 2 potions of might
 f - 2 potions of curing
 j - a potion of lignification
 o - 5 potions of haste
 q - 2 potions of mutation
 x - a potion of magic
 D - a potion of cancellation


   Skills:
 + Level 7.1 Fighting
 * Level 7.8 Axes
 + Level 7.1 Armour
 - Level 3.2 Shields


You had 8 spell levels left.
You didn't know any spells.
Your spell library contained the following spells:

 Spells                   Type           Power      Damage    Failure   Level
 Corpse Rot               Necr/Air       N/A        N/A       99%         2
 Dispel Undead            Necr           0%         3d6       100%        4
 Death Channel            Necr           0%         N/A       100%        6


Dungeon Overview and Level Annotations

Branches:
Dungeon (9/15)             Temple (1/1) D:4           Sewer (visited)
 Bailey (1/1)
   Lair: D:8-11         Orc: D:9-12

Altars:
Ashenzari
Dithmenos
Elyvilon
Gozag
Kikubaaqudgha
Makhleb
Okawaru
Qazlal
Ru
Sif Muna
Trog
Vehumet
Wu Jian
Xom
Yredelemnul
Zin
The Shining One

Shops:
D:2 (   D:4 =   D:9 ?**!


Innate Abilities, Weirdness & Mutations

You are immune to sickness and miasma.
Your stone body is resilient. (AC +6)
You are immune to poison.
You resist negative energy. (rN+)
You are resistant to electric shocks. (rElec)
You are resistant to unholy torment.
You are immune to petrification.


Message History

The gnoll shouts!
You hear a shout!
A gnoll comes into view.
It is wielding a +0 halberd of electrocution.
There is an open door here.
The gnoll shouts!
You hear a shout!
The kobold shouts!
The gnoll hits you but does no damage.
There is an open door here.
Your chain mail prevents you from hitting the gnoll.
The gnoll hits you but does no damage. The gnoll barely misses you.
Your chain mail prevents you from hitting the gnoll.
The gnoll hits you but does no damage.
The gnoll drinks a potion.
The gnoll flickers and vanishes!
Deactivating autopickup; reactivate with Ctrl-A.
The gnoll hits you but does no damage. x2
You slice the gnoll!!
You kill the gnoll!
Something hits you. The gnoll hits you but does no damage. Something hits you.
The kobold drinks a potion.
The kobold seems to grow stronger.
You slash the kobold!
You kill the kobold!
The gnoll barely misses you. Something hits you but does no damage.
There is an open door here.
There is an open door here.
The gnoll hits you with a +0 halberd! Something hits you.
You barely miss the gnoll. The gnoll barely misses you. Something hits you!
You closely miss the gnoll. The gnoll hits you with a +0 halberd.
Something hits you but does no damage. The gnoll hits you but does no damage.
Something hits you.
You barely miss the gnoll. The gnoll hits you with a +0 halberd.
Something hits you but does no damage.
You closely miss the gnoll. The gnoll hits you with a +0 halberd.
Something hits you but does no damage.
You barely miss the gnoll. The gnoll hits you with a +0 halberd!
* * * LOW HITPOINT WARNING * * *
Something hits you but does no damage. Something hits you!
* * * LOW HITPOINT WARNING * * *
The gnoll barely misses you.
The gnoll hits you from afar with a +0 halberd!
You die...
Your body crumbles into a pile of gold.

## ### ##### ### #
#.# #.###.'.###.###
#'##'##'###'##'##'
#.....## ##.)...#
###....)#####.)...#
#.'..⌠..'.#.'..∩..'
###.)...#####.....#
##)....## ##.....#
##@##'##'###'##'##'
#.###.###.#)###.###
#g# ### ##### ### #
#{## #g#g# ##'# #g#
#o# ##$....#


#gK .....# ggg ..⌠..'. .⌠. .....## .. You could see a gnoll.

Vanquished Creatures
  Pikel (D:4)
  An ice beast (D:6)
  A black bear (D:5)
  A centaur (D:5)
  2 bullfrogs
  2 kobold brigands (Sewer)
  A scorpion (D:5)
  3 killer bees (D:9)
  A centaur zombie (D:6)
  2 jellies (D:6)
  An orc priest (D:5)
  4 hounds
  An iguana (D:5)
  Jessica (D:3)
  An orc wizard (D:3)
  8 gnolls (Bailey)
  15 adders
  2 shadow imps
  An ufetubus (D:5)
  2 adder skeletons (D:4)
  6 worms
  3 dart slugs
  15 orcs
  7 endoplasms
  7 giant cockroaches
  20 hobgoblins
  3 jackals (D:1)
  6 quokkas
  14 ball pythons
  7 bats
  3 frilled lizards
  9 goblins
  16 kobolds
  7 rats
174 creatures vanquished.

Vanquished Creatures (others)
  An orc wizard (D:5)
1 creature vanquished.

Grand Total: 175 creatures vanquished

Notes
Turn   | Place    | Note
-------+----------+-------------------------------------------
     0 | D:1      | pokedragonboy the Gargoyle Fighter began the quest for the
                  | Orb.
     0 | D:1      | Reached XP level 1. HP: 14/14 MP: 1/1
    28 | D:1      | Reached XP level 2. HP: 4/19 MP: 2/2
   668 | D:1      | Reached XP level 3. HP: 23/23 MP: 3/3
   827 | D:1      | Found a faded altar of an unknown god.
  1340 | D:2      | Found Ciefil's Antique Weapon Shop.
  1357 | D:2      | Reached XP level 4. HP: 29/29 MP: 4/4
  1684 | D:2      | Found a bloodstained altar of Trog.
  2081 | D:3      | Noticed Jessica
  2089 | D:3      | Killed Jessica
  2090 | D:3      | Reached XP level 5. HP: 33/33 MP: 5/5
  2518 | D:3      | Found a bloodstained altar of Trog.
  2945 | D:4      | Noticed a lemure
  2945 | D:4      | Noticed a lemure
  3000 | D:4      | Noticed Pikel
  3001 | D:4      | Noticed a lemure
  3003 | D:4      | Noticed a lemure
  3162 | D:4      | Found Ysuol's Jewellery Shoppe.
  3568 | D:4      | Reached XP level 6. HP: 19/39 MP: 6/6
  4138 | D:4      | Killed Pikel
  4139 | D:4      | Reached skill level 5 in Fighting
  4139 | D:4      | Reached skill level 5 in Axes
  4139 | D:4      | Reached skill level 5 in Armour
  4139 | D:4      | Reached XP level 7. HP: 35/44 MP: 7/7
  4312 | D:4      | Found a staircase to the Ecumenical Temple.
  4328 | Temple   | Entered the Ecumenical Temple
  4391 | Temple   | Became a worshipper of Gozag Ym Sagoz the Greedy
  4892 | D:5      | Entered Level 5 of the Dungeon
  5115 | D:5      | Reached XP level 8. HP: 51/51 MP: 8/8
  5842 | D:6      | Found a broken altar of Ashenzari.
  5858 | D:6      | Identified the ring of Accord {rElec rN+ rCorr Dex+4
                  | Stlth-}
  6038 | D:6      | Found a glowing drain.
  6066 | Sewer    | Entered a sewer
  6550 | Sewer    | Identified 3 scrolls of acquirement
  6550 | Sewer    | Acquired a +2 vorpal battleaxe
  6762 | D:6      | Reached XP level 9. HP: 56/56 MP: 9/9
  6876 | D:6      | You fall into a shaft and drop 3 floors!
  6878 | D:9      | Found Migett's General Store.
  6878 | D:9      | Found Koschux's Magic Scroll Emporium.
  6878 | D:9      | Found Ymeathao's Assorted Antiques.
  6879 | D:9      | Found Wahaiboo's Distillery.
  6972 | D:9      | Found a flagged portal.
  7001 | Bailey   | Entered a bailey
  7490 | Bailey   | Slain by a gnoll

Illustrated notes

Levels and vault maps discovered:
D:1:      amcnicky_arrival_underground_garden, layout_rooms,
          shapermc_ecumenical_altar_mp_vishouse
D:2:      layout_basic, basic_altar, serial_shops, nicolae_square_shop
D:3:      layout_loops_ring, marbit_many_paths, hex_large, minmay_misc_feat_x,
          uniq_jessica
D:4:      layout_layer_cave, minmay_temple_entry_purple_smoke, serial_shops,
          shop, uniq_pikel
D:5:      layout_basic, hangedman_decor_points, serial_bayou_pond_d,
          st_stairs_13, wad_rectangle_vault
D:6:      layout_rooms, evilmike_ruin_ashenzari, grunt_temple_overflow_diamond,
          gup_sewer_entry_pipe, minmay_microvault
D:9:      layout_gridville, david_orc_5, enter_bailey_4, minmay_liquid_box,
          minmay_shop_grid_forest
Temple:   regret_index_temple_waves
Bailey:   bailey_axe_2, bailey

Skill      XL: |  1  2  3  4  5  6  7  8  9 |
---------------+----------------------------+-----
Axes           | 2 3 4 5 7 |  7.8
Armour         | 4 5 6 7 |  7.1
Fighting       | 4 5 6 7 |  7.1
Shields        | |  3.2

Action                   |  1- 3 |  4- 6 |  7- 9 || total
-------------------------+-------+-------+-------++-------
Melee: War axe           |   119 |   186 |   185 ||   490
       Battleaxe         |       |       |    76 ||    76
  Use: Scroll            |       |     1 |     6 ||     7
       Potion            |       |       |     8 ||     8
Armor: Scale mail        |   105 |   119 |    70 ||   294
       Chain mail        |       |       |   127 ||   127
Dodge: Dodged            |    59 |    63 |   101 ||   223
Block: Kite shield       |    89 |    89 |   103 ||   281
